 Dungeon Sprint DCSS version 0.24-a0-250-g6074511 (webtiles) character file.

Game seed: 3331279795866177085

6258 MikeHunt the Brawler (level 10, -3/95 (97) HPs)
             Began as a Ghoul Monk on Apr 14, 2019.
             Was an Elder of Nemelex Xobeh.
             Slain by a spriggan defender
             ... wielding a +4 lajatang of protection
              (19 damage)
             ... in the Dungeon (Sprint IV: "Fedhas' Mad Dash").
             The game lasted 00:10:02 (3722 turns).

MikeHunt the Brawler (Ghoul Monk)                   Turns: 3722, Time: 00:10:03

HP:   -3/95 (97)    AC:  8    Str: 16    XL:     10   Next: 93%
MP:   16/16         EV: 17    Int:  5    God:    Nemelex Xobeh [****..]
Gold: 188           SH:  0    Dex: 14    Spells: 9/9 levels left

rFire    . . .     SeeInvis .     - Unarmed
rCold    + . .     Gourm    .   (no shield)
rNeg     + + +     Faith    .   k - +1 ring mail {rN+}
rPois    ∞         Spirit   .   (no helmet)
rElec    .         Reflect  .   (no cloak)
rCorr    .         Harm     .   (no gloves)
MR       .....     NoTele   +   (no boots)
Stlth    +.........             i - amulet of invisibility {+Inv}
HPRegen  0.00/turn              (no ring)
MPRegen  0.15/turn              (no ring)

@: rotting
A: rotting body, claws 1, carnivore, cold resistance 1, negative energy
resistance 3, inhibited regeneration, torment resistance, unbreathing
a: Draw Escape, Draw Destruction, Draw Summoning, Triple Draw, Deal Four,
Renounce Religion, Evoke Invisibility


You were in the Dungeon.
You worshipped Nemelex Xobeh.
Nemelex Xobeh was greatly pleased with you.
You were not hungry.

You visited 1 branch You collected 218 gold pieces.
You spent 30 gold pieces at shops.

Inventory:

Armour
 k - a +1 ring mail of positive energy (worn)
Jewellery
 i - the amulet of invisibility (around neck) {+Inv}
   (You found it in the Dungeon)

   [amulet of nothing]

   It lets you turn invisible.
Potions
 c - a potion of curing
 e - a potion of haste
 f - 2 potions of magic
 g - a potion of berserk rage
 m - 2 potions of mutation {unknown}
Miscellaneous
 d - a phantom mirror


   Skills:
 + Level 12.3 Fighting
 + Level 10.5 Armour
 + Level 10.5 Dodging
 - Level 2.1 Stealth
 + Level 15.6 Unarmed Combat
 + Level 9.5 Invocations


You had 9 spell levels left.
You didn't know any spells.
Your spell library contained the following spells:

 Spells                   Type           Power        Failure   Level  Hunger
 Animate Skeleton         Necr           N/A          65%         1    ##.....
 Apportation              Tloc           #.....       65%         1    ##.....
 Confusing Touch          Hex            #.....       65%         1    ##.....
 Summon Small Mammal      Summ           #...         65%         1    ##.....


Dungeon Overview and Level Annotations

Branches:
Dungeon (1/1)

Altars:
Cheibriados
Dithmenos
Elyvilon
Gozag
Hepliaklqana
Kikubaaqudgha
Makhleb
Nemelex Xobeh
Okawaru
Qazlal
Ru
Sif Muna
Trog
Uskayaw
Vehumet
Wu Jian
Xom
Yredelemnul
Zin
The Shining One
Beogh
Jiyva
Lugonu

Shops:
D :(*?[[}


Innate Abilities, Weirdness & Mutations

Your body is rotting away.
You thrive on raw meat.
You are immune to poison.
You have sharp fingernails.
You are carnivorous and can eat meat at any time.
Your flesh is cold resistant. (rC+)
You are immune to negative energy. (rN+++)
You do not regenerate when monsters are visible.
You are immune to unholy pain and torment.
You can survive without breathing.


Message History

Your hellwing misses the spriggan defender.
You closely miss the spriggan defender.
The spriggan defender is moderately wounded.
Your hell hound completely misses the spriggan defender.
The spriggan defender hits you with a +4 lajatang of protection!
* * * LOW HITPOINT WARNING * * *
Your hellwing hits the spriggan defender.
Your hellwing closely misses the spriggan defender.
Your hell hound bites the spriggan defender.
You miss the spriggan defender. Your claw misses the spriggan defender.
The spriggan defender is heavily wounded.
The spriggan defender hits you with a +4 lajatang of protection!
* * * LOW HITPOINT WARNING * * *
Your hell hound closely misses the spriggan defender.
Your hellwing misses the spriggan defender.
Your hellwing barely misses the spriggan defender.
Your hell hound closely misses the spriggan defender.
The spriggan defender hits you with a +4 lajatang of protection!!
You die...
Your body glows slightly and disappears.

###############################
⌠._._._._.⌠.#..))..#....##∩##|#
._._._._._..'..#...#....'(.##'#
.._._._._...#..###'##...##∩#..###
._._._._._..#..##∩∩.'...#####....
_._._._._.⌠.#################...∩
#################....)(###.....♣.
♣♣♣♣..♣.###.'.hi@)...(('.)...♣..∩
....♣..♣##..#4.#.P.....##########
.♣♣♣.♣).###.##†##.P....#
♣.[♣...♣'...#♣.♣########
############.....# #..♣..♣.i..#
#.).♣......♣.. ...... ♣.....∩.
##### #########


You could see a spriggan defender, a friendly hellwing and a friendly hell
hound.

Vanquished Creatures
  A spriggan druid (D)
  6 oklob plants (D)
  A demonic crawler (D)
  A wandering mushroom (D)
  A burning bush (D)
  A queen bee (D)
  A hornet (D)
  A scorpion (D)
  4 killer bees (D)
  5 oklob saplings (D)
  A worker ant (D)
  5 spriggans (D)
  A river rat (D)
  A rat (D)
30 creatures vanquished.

Vanquished Creatures (collateral kills)
  An anaconda (D)
  A burning bush (D)
  2 wandering mushrooms (D)
  A scorpion (D)
5 creatures vanquished.

Vanquished Creatures (others)
  Agnes (D)
  A burning bush (D)
  2 ball lightnings (D)
  A ballistomycete spore (D)
5 creatures vanquished.

Grand Total: 40 creatures vanquished

Notes
Turn   | Place    | Note
-------+----------+-------------------------------------------
     0 | D        | MikeHunt the Ghoul Monk began the quest for the Orb.
     0 | D        | Reached XP level 1. HP: 19/19 MP: 0/0
    20 | D        | Reached skill level 5 in Unarmed Combat
    20 | D        | Reached XP level 2. HP: 9/26 MP: 1/1
   229 | D        | Noticed an oklob sapling
   232 | D        | Killed an oklob sapling
   232 | D        | Reached skill level 7 in Unarmed Combat
   232 | D        | Reached XP level 3. HP: 31/31 MP: 2/2
   235 | D        | Found the amulet of invisibility {+Inv}
   241 | D        | Reached skill level 8 in Unarmed Combat
   241 | D        | Reached XP level 4. HP: 38/38 MP: 3/3
   265 | D        | Found an opulent altar of Gozag.
   265 | D        | Found a hazy altar of Hepliaklqana.
   265 | D        | Found a roughly hewn altar of Beogh.
   265 | D        | Found a snail-covered altar of Cheibriados.
   266 | D        | Found a viscous altar of Jiyva.
   266 | D        | Found a burning altar of Makhleb.
   266 | D        | Found a sparkling altar of Nemelex Xobeh.
   266 | D        | Found a sacrificial altar of Ru.
   266 | D        | Found a deep blue altar of Sif Muna.
   266 | D        | Found a bloodstained altar of Trog.
   266 | D        | Found an ornate altar of the Wu Jian Council.
   266 | D        | Found a shimmering altar of Xom.
   266 | D        | Found a basalt altar of Yredelemnul.
   266 | D        | Noticed an oklob sapling priest
   267 | D        | Found an iron altar of Okawaru.
   267 | D        | Found a glowing silver altar of Zin.
   267 | D        | Found a shadowy altar of Dithmenos.
   268 | D        | Found a hide-covered altar of Uskayaw.
   268 | D        | Found an ancient bone altar of Kikubaaqudgha.
   269 | D        | Found a stormy altar of Qazlal.
   269 | D        | Found a glowing golden altar of the Shining One.
   269 | D        | Found a white marble altar of Elyvilon.
   270 | D        | Found a radiant altar of Vehumet.
   270 | D        | Found a corrupted altar of Lugonu.
   273 | D        | Became a worshipper of Nemelex Xobeh the Trickster
   273 | D        | Received a gift from Nemelex Xobeh
   273 | D        | Reached * piety under Nemelex Xobeh
   273 | D        | Received a gift from Nemelex Xobeh
   273 | D        | Received a gift from Nemelex Xobeh
   273 | D        | Reached ** piety under Nemelex Xobeh
   276 | D        | Killed an oklob sapling priest
   276 | D        | Reached skill level 5 in Invocations
   607 | D        | Reached skill level 9 in Unarmed Combat
   607 | D        | Reached XP level 5. HP: 45/45 MP: 5/9
   794 | D        | Reached skill level 10 in Unarmed Combat
   795 | D        | Reached XP level 6. HP: 50/50 MP: 9/11
   815 | D        | Found Xecwigeu's Weapon Shop.
   815 | D        | Found Niwon's Book Emporium.
   847 | D        | Received a gift from Nemelex Xobeh
   849 | D        | Noticed a queen bee
   853 | D        | Reached skill level 5 in Fighting
   853 | D        | Killed a queen bee
   853 | D        | Reached XP level 7. HP: 66/66 MP: 12/12
   913 | D        | Noticed an oklob plant
   927 | D        | Killed an oklob plant
   927 | D        | Reached skill level 10 in Fighting
   927 | D        | Reached XP level 8. HP: 50/80 MP: 11/13
  1119 | D        | Noticed a burning bush
  1130 | D        | Killed a burning bush
  1155 | D        | Received a gift from Nemelex Xobeh
  1155 | D        | Noticed a burning bush
  1155 | D        | Noticed an oklob plant
  1156 | D        | Noticed a wandering mushroom
  1464 | D        | Killed a burning bush
  1464 | D        | Reached skill level 11 in Unarmed Combat
  1469 | D        | Killed a wandering mushroom
  1469 | D        | Reached XP level 9. HP: 65/89 MP: 14/14
  1474 | D        | Killed an oklob plant
  1474 | D        | Reached skill level 5 in Armour
  1474 | D        | Reached skill level 12 in Unarmed Combat
  1652 | D        | Reached *** piety under Nemelex Xobeh
  1653 | D        | Noticed a spriggan druid
  1660 | D        | Killed a spriggan druid
  1660 | D        | Reached skill level 13 in Unarmed Combat
  1720 | D        | Noticed an oklob plant conjurer
  1722 | D        | Killed an oklob plant conjurer
  1785 | D        | Noticed a burning bush
  1785 | D        | Noticed a wandering mushroom
  1797 | D        | Killed a burning bush
  1800 | D        | Noticed a wandering mushroom
  1800 | D        | Killed a wandering mushroom
  1809 | D        | Killed a wandering mushroom
  1809 | D        | Reached skill level 14 in Unarmed Combat
  1921 | D        | Received a gift from Nemelex Xobeh
  1921 | D        | Found Rani's Magic Scroll Shoppe.
  1922 | D        | Found Garhicw's Antique Armour Emporium.
  1929 | D        | Bought a scroll of remove curse for 30 gold pieces
  2108 | D        | Noticed an oklob plant
  2109 | D        | Noticed an oklob plant summoner
  2290 | D        | Killed an oklob plant summoner
  2290 | D        | Reached XP level 10. HP: 78/95 MP: 15/15
  2459 | D        | Noticed an oklob plant shifter
  2471 | D        | Killed an oklob plant
  3045 | D        | Killed an oklob plant shifter
  3062 | D        | Reached skill level 15 in Unarmed Combat
  3183 | D        | Received a gift from Nemelex Xobeh
  3183 | D        | Noticed a spriggan rider
  3198 | D        | Reached skill level 10 in Armour
  3208 | D        | Reached skill level 10 in Dodging
  3212 | D        | Found Imezuut's Antique Armour Emporium.
  3221 | D        | Found Hotz's Gadget Shoppe.
  3405 | D        | Reached **** piety under Nemelex Xobeh
  3405 | D        | Noticed Agnes
  3426 | D        | Killed Agnes
  3698 | D        | Received a gift from Nemelex Xobeh
  3698 | D        | Found Jiv Xopt's Assorted Antiques.
  3698 | D        | Noticed a spriggan berserker
  3701 | D        | Noticed an anaconda
  3701 | D        | a spriggan berserker changed into an anaconda
  3702 | D        | Noticed a spriggan defender
  3716 | D        | Killed an anaconda
  3722 | D        | Slain by a spriggan defender

Levels and vault maps discovered:
D:        dungeon_sprint_fedhas [sprint_temple]

Skill      XL: |  1  2  3  4  5  6  7  8  9 10 |
---------------+-------------------------------+-----
Unarmed Combat | 5 7 8 9 10 11 14 15 | 15.6
Invocations    | 6 8 9 |  9.5
Fighting       | 7 10 11 12 | 12.3
Dodging        | 6 8 9 10 | 10.5
Armour         | 4 8 10 | 10.5
Stealth        | |  2.1

Action                   |  1- 3 |  4- 6 |  7- 9 | 10-12 || total
-------------------------+-------+-------+-------+-------++-------
Melee: Unarmed           |    19 |    11 |    40 |    54 ||   124
       Punch             |       |       |     1 |     3 ||     4
 Abil: Evoke Invisibilit |       |     3 |     4 |     2 ||     9
       Draw Escape       |       |     2 |       |       ||     2
       Draw Destruction  |       |     4 |    12 |    10 ||    26
       Draw Summoning    |       |       |     1 |     5 ||     6
  Use: Potion            |     1 |       |       |       ||     1
       Scroll            |       |       |     4 |     1 ||     5
 Stab: Sleeping          |     3 |     2 |       |       ||     5
       Invisible         |       |     1 |     3 |     1 ||     5
  Eat: Chunk             |     1 |     1 |     3 |     5 ||    10
       Ration            |       |       |     1 |     1 ||     2
Armor: Chain mail        |       |       |     2 |       ||     2
       Ring mail         |       |       |       |    10 ||    10
Dodge: Dodged            |    10 |     1 |    11 |    28 ||    50

Table legend:
 A = Non-vault XP
 B = Vault XP
 C = Vault XP percentage of total XP
 D = Non-vault monster count
 E = Vault monster count
 F = Vault count percentage of total count
                 A         B        C        D         E       F
            +---------+---------+-------+---------+---------+-------
      Total |     211 |    8730 |  97.6 |       1 |      36 |  97.3
            +---------+---------+-------+---------+---------+-------
          D |     211 |    8730 |  97.6 |       1 |      36 |  97.3
            +---------+---------+-------+---------+---------+-------
